 Dungeon Crawl Stone Soup version 0.28.0-47-ge53b351184 (webtiles) character file.

Game seed: 17573467032707950423

70 Exodus22XD the Covered (level 4, -8/40 HPs)
             Began as a Minotaur Fighter on May 7, 2022.
             Succumbed to a water moccasin's poison
             ... in a sewer.
             The game lasted 00:01:27 (1424 turns).

Exodus22XD the Covered (Minotaur Fighter)           Turns: 1424, Time: 00:01:27

Health: -8/40      AC:  7    Str: 28    XL:     4   Next: 4%
Magic:  3/3        EV:  9    Int:  5    God:
Gold:   89         SH:  4    Dex: 10    Spells: 3/3 levels left

rFire   . . .      SeeInvis .   a - +0 war axe
rCold   . . .      Faith    .   c - +0 buckler
rNeg    . . .      Spirit   .   b - +0 scale mail
rPois   .          Reflect  .   (helmet restricted)
rElec   .          Harm     .   (no cloak)
rCorr   .          Rampage  .   (no gloves)
Will    .....                   (no boots)
Stlth   ..........              (no amulet)
HPRegen 0.13/turn               g - +6 ring of strength
MPRegen 0.08/turn               (no ring)

@: lethally poisoned (-8 -> -45)
A: horns 2, retaliatory headbutt
a: no special abilities


You were in a sewer.
You visited 1 branch of the dungeon, and saw 3 of its levels.
You also visited: Sewer.

You collected 89 gold pieces.

Inventory:

Hand Weapons
 a - a +0 war axe (weapon)
Armour
 b - a +0 scale mail (worn)
 c - a +0 buckler (worn)
Jewellery
 g - a +6 ring of strength (left hand)
Scrolls
 f - a scroll of acquirement {unknown}
 h - 2 scrolls of teleportation {unknown}
 k - a scroll of identify {unknown}
 l - a scroll of magic mapping {unknown}
 m - a scroll of summoning {unknown}
Potions
 d - 2 potions of might
 e - 2 potions of invisibility {unknown}
 i - a potion of attraction {unknown}
 j - a potion of brilliance {unknown}


   Skills:
 + Level 4.1 Fighting
 + Level 3.9 Axes
 + Level 4.3 Armour
 + Level 4.1 Shields


You had 3 spell levels left.
You didn't know any spells.
Your spell library was empty.

Dungeon Overview and Level Annotations

Branches:
Dungeon (3/15)              Sewer (1/1)

Altars:
Cheibriados


Innate Abilities, Weirdness & Mutations

You have a pair of horns on your head.
You reflexively headbutt those who attack you in melee.


Message History

You enter the shallow water.
Moving in this stuff is going to be slow.
You enter the shallow water.
Moving in this stuff is going to be slow.
You enter the shallow water.
Moving in this stuff is going to be slow.
You enter the shallow water.
Moving in this stuff is going to be slow.
A water moccasin comes into view.
Found 24 gold pieces.
The water moccasin hisses angrily.
A water moccasin is nearby!
Found an arbalest.
The water moccasin bites you.
A water moccasin is nearby!
You closely miss the water moccasin. The water moccasin bites you!
The water moccasin bites you.
You hit the water moccasin.
The water moccasin is lightly wounded.
The water moccasin bites you but does no damage.
The water moccasin bites you.
You are poisoned.
The water moccasin poisons you!
You hit the water moccasin. You headbutt the water moccasin.
The water moccasin is heavily wounded.
You feel very sick. The water moccasin bites you.
The water moccasin bites you but does no damage.
You barely miss the water moccasin.
The water moccasin is heavily wounded.
You feel sick. The water moccasin bites you.
* * * LOW HITPOINT WARNING * * *
You are more poisoned.
The water moccasin poisons you! The water moccasin bites you.
* * * LOW HITPOINT WARNING * * *
You are more poisoned.
The water moccasin poisons you!
Okay, then.
You closely miss the water moccasin. You headbutt the water moccasin!
The water moccasin is almost dead.
You die...

#...
#.≈.#
#..#
##≈≈# #..
#..# #.
#..#
##≈.#
#≈..# #.
##..##
#...#≈..#
#..≈.@##
#≈...S#
##≈..##
#≈≈≈
)≈#≈#
#$$#. ##
##


You could see a water moccasin.

Vanquished Creatures
  2 adders
  A dart slug (D:1)
  4 endoplasms (D:1)
  2 giant cockroaches (D:3)
  5 goblins (D:1)
  8 hobgoblins
  5 jackals
  3 quokkas
  4 bats
  4 frilled lizards
  A kobold (D:3)
  7 rats
46 creatures vanquished.

Notes
Turn   | Place    | Note
-------+----------+-------------------------------------------
     0 | D:1      | Exodus22XD the Minotaur Fighter began the quest for the
                  | Orb.
     0 | D:1      | Reached XP level 1. HP: 19/19 MP: 0/0
    55 | D:1      | Found a faded altar of an unknown god.
    64 | D:1      | Reached XP level 2. HP: 27/27 MP: 1/1
   404 | D:1      | Reached XP level 3. HP: 30/33 MP: 2/2
  1341 | D:3      | Found a glowing drain.
  1355 | D:3      | Reached XP level 4. HP: 38/40 MP: 3/3
  1357 | D:3      | Found a snail-covered altar of Cheibriados.
  1361 | Sewer    | Entered a sewer
  1417 | Sewer    | Noticed a water moccasin
  1423 | Sewer    | HP: 2/40 [water moccasin (5)]
  1424 | Sewer    | Succumbed to a water moccasin's poison

Illustrated notes

Levels and vault maps discovered:
D:1:      doesnt_arrival_eight_statues, layout_basic,
          hellmonk_ecumenical_altar_heavens_door, st_stairs_11
D:2:      layout_basic
D:3:      layout_basic, lemuel_crystal_altar, lemuel_coloured_pillars_altar,
          nemelex_spade_bored_becter, portal_sewer_entry_a
Sewer:    sewer_the_moccasin

Skill      XL: |  1  2 |
---------------+-------+-----
Armour         | 4 |  4.3
Fighting       | 4 |  4.1
Shields        | 4 |  4.1
Axes           | 3 |  3.9

Action                   |  1- 3 |  4- 6 || total
-------------------------+-------+-------++-------
Melee: War axe           |    89 |    10 ||    99
       Headbutt          |     7 |     2 ||     9
Armor: Scale mail        |    51 |     5 ||    56
Dodge: Dodged            |    55 |     1 ||    56
Block: Buckler           |    16 |     2 ||    18
